 Dungeon Sprint DCSS version 0.19-a0-1341-g3513869 (webtiles) character file.

742 lost the Basher (level 7, -3/78 HPs)
             Began as an Ogre Gladiator on Sept 1, 2016.
             Was an Initiate of Qazlal.
             Slain by a merfolk
             ... wielding a +2 trident of flaming
              (14 damage)
             ... in the Dungeon (Sprint V: "Ziggurat Sprint").
             The game lasted 00:01:09 (84 turns).

lost the Basher (Ogre Gladiator)                      Turns: 84, Time: 00:01:10

Health: -3/78      AC: 19    Str: 23    XL:     7   Next: 76%
Magic:  4/12       EV:  5    Int:  7    God:    Qazlal [......]
Gold:   0          SH:  0    Dex: 15    Spells: 0 memorised, 6 levels left

rFire  + + +     SeeInvis .     L - +7 great mace "Firestarter" {inner flame, rF++}
rCold  + . .     Gourm    .     l - +5 gold dragon armour
rNeg   . . .     Faith    .     (shield currently unavailable)
rPois  +         Spirit   .     c - +0 hat
rElec  .         Dismiss  .     (no cloak)
rCorr  .         Reflect  .     (gloves unavailable)
MR     .....     Harm     .     (boots unavailable)
Stlth  .......... NoTele   +    (no amulet)
                                (no ring)
                                (no ring)

@: agile, held, drained
A: unfitting armour, tough skin 1
a: Renounce Religion


You were in the Dungeon.
You worshipped Qazlal.
Qazlal was noncommittal.
You were not hungry.

You visited 1 branch

Inventory:

Hand Weapons
 a - a +0 flail
 L - the +7 great mace "Firestarter" (weapon) {inner flame, rF++}
   (You found it in the Dungeon)

   It has been specially enchanted to burn those struck by it, causing extra
   injury to most foes and up to half again as much damage against particularly
   susceptible opponents.
   It greatly protects you from fire.
 M - the +10 dark maul {crush}
   (You found it in the Dungeon)

   It inflicts extra damage upon your enemies.
 N - a +5 giant spiked club
Missiles
 d - 3 throwing nets (quivered)
Armour
 b - a +0 robe
 c - a +0 hat (worn)
 l - a +5 gold dragon armour (worn)
Jewellery
 F - a +6 ring of dexterity
 G - a +6 ring of dexterity
 H - a +6 ring of intelligence
 I - a +6 ring of intelligence
 J - a +6 ring of strength
 K - a +6 ring of strength
Wands
 B - a wand of disintegration (7/24)
 C - a wand of iceblast (4/15)
 D - a wand of lightning (5/15)
 E - a wand of acid (5/15)
Scrolls
 k - 4 scrolls of blinking
 s - 4 scrolls of amnesia
 t - 3 scrolls of recharging
 u - 7 scrolls of fog
 v - a scroll of holy word
 w - 5 scrolls of identify
 x - 5 scrolls of remove curse
 y - 2 scrolls of fear
Potions
 e - 10 potions of curing
 g - 10 potions of heal wounds
 h - 6 potions of haste
 i - 7 potions of magic
 j - 3 potions of berserk rage
 m - 2 potions of brilliance
 n - 2 potions of invisibility
 o - 4 potions of resistance
 q - 4 potions of agility
 r - 5 potions of might
Miscellaneous
 O - a phial of floods (inert)
Comestibles
 f - 5 bread rations
 p - 2 chunks of flesh
 z - 42 fruits
 A - 4 meat rations


   Skills:
 + Level 7.1(6.2) Fighting
 * Level 14.9(13.8) Maces & Flails
 - Level 2.0(1.2) Throwing
 + Level 2.6(1.9) Armour
 + Level 7.4(6.6) Dodging
 * Level 7.6(6.7) Invocations


You had 6 spell levels left.
You didn't know any spells.

Dungeon Overview and Level Annotations

Branches:
Dungeon (1/1)

Altars:
Ashenzari
Cheibriados
Dithmenos
Elyvilon
Fedhas
Gozag
Hepliaklqana
Kikubaaqudgha
Makhleb
Nemelex Xobeh
Okawaru
Qazlal
Ru
Sif Muna
Trog
Uskayaw
Vehumet
Xom
Yredelemnul
Zin
The Shining One
Beogh
Jiyva
Lugonu


Innate Abilities, Weirdness & Mutations

You are too large for most types of armour.
You have tough skin. (AC +1)


Message History

Your water elemental engulfs the merfolk in water!
The merfolk hits you but does no damage.
You feel drained.
The merfolk hits you from afar with a trident of flaming.
Unknown command.
You struggle against the net.
Your water elemental hits the merfolk.
The merfolk hits you from afar with a trident.
The merfolk hits you but does no damage.
You feel drained. The merfolk completely misses you.
Unknown command.
You struggle against the net.
Your water elemental barely misses the merfolk.
The merfolk hits you from afar with a trident!
* * * LOW HITPOINT WARNING * * *
The merfolk hits you with a +4 dagger of draining!
* * * LOW HITPOINT WARNING * * *
You feel drained.
* * * LOW HITPOINT WARNING * * *
The merfolk hits you from afar with a trident of flaming!
You die...

▓▓▓▓▓▓▓▓▓▓▓▓▓
▓.8©8.▓.8©8.▓
▓≈)}|.▓.%...▓
▓.≈≈..▓.....▓
▓..E..▓%....▓
▓..mm.▓.)...▓
▓..m..▓.)...▓
▓..@..▓▓▓▓▓▓▓
▓▓▓▓▓▓▓


You could see 3 merfolk and a friendly water elemental.

Vanquished Creatures
  2 deep elf magi (D)
2 creatures vanquished.

Notes
Turn   | Place    | Note
-------+----------+-------------------------------------------
     0 | D        | lost the Ogre Gladiator began the quest for the Orb.
     0 | D        | Reached XP level 1. HP: 22/22 MP: 1/1
    15 | D        | Found a deep blue altar of Sif Muna.
    15 | D        | Found a bloodstained altar of Trog.
    15 | D        | Found a sacrificial altar of Ru.
    15 | D        | Found a stormy altar of Qazlal.
    15 | D        | Found an iron altar of Okawaru.
    17 | D        | Found a sparkling altar of Nemelex Xobeh.
    18 | D        | Found a blossoming altar of Fedhas.
    20 | D        | Found an ancient bone altar of Kikubaaqudgha.
    20 | D        | Found a viscous altar of Jiyva.
    20 | D        | Found a corrupted altar of Lugonu.
    20 | D        | Found a hazy altar of Hepliaklqana.
    20 | D        | Found a burning altar of Makhleb.
    20 | D        | Found an opulent altar of Gozag.
    37 | D        | Became a worshipper of Qazlal Stormbringer
    56 | D        | Entered arena 1.
    56 | D        | Noticed a deep elf mage
    56 | D        | Noticed a deep elf mage
    57 | D        | Reached skill level 6 in Maces & Flails
    57 | D        | Reached XP level 2. HP: 32/32 MP: 1/5
    61 | D        | Noticed an ice beast
    63 | D        | Noticed an ice beast
    64 | D        | Killed a deep elf mage
    64 | D        | Reached skill level 13 in Maces & Flails
    64 | D        | Reached XP level 3. HP: 32/45 MP: 1/7
    64 | D        | Reached XP level 4. HP: 37/53 MP: 1/8
    64 | D        | Reached XP level 5. HP: 43/61 MP: 1/9
    64 | D        | Reached XP level 6. HP: 48/68 MP: 1/10
    65 | D        | Killed a deep elf mage
    65 | D        | Reached skill level 14 in Maces & Flails
    65 | D        | Reached XP level 7. HP: 54/78 MP: 2/12
    77 | D        | Entered arena 2.
    77 | D        | Noticed a merfolk
    77 | D        | Noticed a merfolk
    77 | D        | Noticed a merfolk
    84 | D        | Slain by a merfolk

Vault maps used:
D:        sprint_v

Skill      XL: |  1  2  3  4  5  6 |
---------------+-------------------+-----
Fighting       | 4 6 7 |  7.1
Maces & Flails | 6 13 14 | 14.9
Armour         | 2 |  2.6
Dodging        | 3 6 7 |  7.4
Invocations    | 4 6 7 |  7.6
Throwing       | |  2.0

Action                   |  1- 3 |  4- 6 |  7- 9 || total
-------------------------+-------+-------+-------++-------
Melee: Great mace        |     6 |     1 |       ||     7
Evoke: Wand              |       |       |     1 ||     1
       Phial of floods   |       |       |     1 ||     1
  Use: Potion            |     2 |       |       ||     2
Armor: Gold dragon armou |     5 |     1 |     4 ||    10
Dodge: Dodged            |     2 |       |     1 ||     3
